AoeStats
← Replay960

Arena

503866375Analyzed
4v4 RM · 1mo ago on Sep 2, 2026· 31m 40s· 8 players
Game mode
Random Map
Map size
Large (8 player)
Population
200
Speed
Normal
Resources
Standard
Victory
Conquest
Starting age
Dark Age
Ending age
Imperial Age
RankedLock teamsTeams togetherTeam positionsShared explorationLock speedFull tech treeHidden civsTurbo modeCheats
Victory
Defeat
🇦🇷 Britons · Argentina
931
+16
🇨🇳 Chinese · China
928
+16
🇹🇷 Bulgarians · Türkiye
903
+17
🇹🇷 Cumans · Türkiye
884
+18
🇫🇷 Britons · France
950
-18
🇬🇧 Cumans · United Kingdom
950
-18
🇪🇸 Khmer · Spain
922
-17
🇨🇳 Malay · China
917
-16
Replay960
10:50 Feudal Age
14:04 Castle Age
18:39 Double-Bit Axe
24:46 Bow Saw
31:20 Imperial Age
29:28 Forging
29:24 Scale Barding Armor
29:43 Ballistics
29:41 Husbandry
29:51 Bloodlines
29:02 Light Cavalry
31:02 Iron Casting
Mattbearman1198
5:06 Loom
10:17 Feudal Age
11:34 Double-Bit Axe
16:44 Horse Collar
17:50 Man-at-Arms
sujing810
0:28 Loom
12:26 Feudal Age
13:17 Wheelbarrow
12:29 Double-Bit Axe
13:19 Horse Collar
18:49 Castle Age
18:09 Gold Mining
19:02 Bow Saw
25:05 Hand Cart
26:17 Gold Shaft Mining
26:47 Stone Mining
30:32 Murder Holes
Recoom06
8:59 Loom
10:44 Feudal Age
14:58 Castle Age
13:20 Double-Bit Axe
16:15 Horse Collar
16:52 Bow Saw
18:15 Fletching
18:21 Town Watch
22:02 Heavy Plow
24:57 Wheelbarrow
27:25 Bodkin Arrow
31:36 Imperial Age
Shaggy
11:10 Feudal Age
12:21 Horse Collar
12:28 Double-Bit Axe
13:26 Scale Mail Armor
13:37 Forging
26:50 Castle Age
25:46 Arson
28:11 Chain Mail Armor
28:32 Iron Casting
27:22 Pikeman
28:05 Squires
27:51 Gambesons
28:21 Loom
31:34 Gold Mining
Lizard
11:32 Feudal Age
17:50 Castle Age
16:26 Horse Collar
16:37 Double-Bit Axe
19:21 Wheelbarrow
21:58 Bow Saw
23:23 Sanctity
23:29 Hand Cart
25:24 Fletching
25:29 Gold Mining
26:56 Yeomen
27:17 Town Watch
28:33 Bodkin Arrow
29:27 Town Patrol
30:13 Heavy Plow
34:08 Imperial Age
31:51 Padded Archer Armor
小7
8:13 Loom
10:22 Feudal Age
13:09 Double-Bit Axe
16:44 Castle Age
15:24 Horse Collar
16:27 Stone Mining
17:51 Bow Saw
18:44 Bloodlines
19:19 Gold Mining
20:43 Heavy Plow
22:41 Husbandry
25:06 Gold Shaft Mining
25:06 Stone Shaft Mining
25:25 Scale Barding Armor
29:26 Ballistics
30:06 Squires
31:11 Pikeman
31:37 Arson
Gustavo
3:56 Loom
11:43 Feudal Age
12:23 Double-Bit Axe
13:30 Gold Mining
26:46 Castle Age
26:36 Forging
26:32 Scale Barding Armor
28:07 Stone Mining
29:10 Capped Ram
32:14 Iron Casting
32:00 Chain Barding Armor
Connection lost

Rejoining the realm…

Still unreachable

The connection could not be restored.

Session expired

The server has moved on; the page needs a fresh start.